 Dungeon Crawl Stone Soup version 0.31-a0-523-g071a6c1ffa (webtiles) character file.

Game seed: 9353641546566217340

4 GordonOverkill the Sneak (level 1, -5/11 HPs)
             Began as a Vine Stalker Delver on Aug 10, 2023.
             Slain by a mummy (16 damage)
             ... in an ossuary.
             The game lasted 00:00:55 (161 turns).

GordonOverkill the Sneak (Vine Stalker Delver)       Turns: 161, Time: 00:00:56

Health: -5/11      AC:  3    Str: 14    XL:     1   Next: 60%
Magic:  0/2        EV: 11    Int: 10    God:
Gold:   15         SH:  0    Dex: 15    Spells: 0/0 levels left

rFire   . . .        a - +0 mace
rCold   . . .        (no shield)
rNeg    . . .        b - +0 leather armour
rPois   .            (no helmet)
rElec   .            (no cloak)
rCorr   .            (no gloves)
SInv    .            (no boots)
Will    .....        (no amulet)
Stlth   +++          (no ring)
HPRegen 0.21/turn    (no ring)
MPRegen 0.08/turn

%: guardian spirit
@: no status effects
A: fangs 2, magic shield, antimagic bite, no potion heal 2
a: no special abilities


You were in an ossuary.
You visited 1 branch of the dungeon, and saw 2 of its levels.
You also visited: Ossuary.

You collected 15 gold pieces.

Inventory:

Hand Weapons
 a - a +0 mace (weapon)
Armour
 b - a +0 leather armour (worn)
Wands
 g - a wand of digging (3)
Scrolls
 c - a scroll of fog
 d - a scroll of revelation
 e - a scroll of fear
Potions
 f - a potion of haste


   Skills:
 + Level 2.8 Fighting
 + Level 2.0 Maces & Flails
 - Level 1.5 Dodging
 - Level 6.0 Stealth


You couldn't memorise any spells.
You didn't know any spells.
Your spell library was empty.

Dungeon Overview and Level Annotations

Branches:
Dungeon (6/15)            Ossuary (1/1)
 Temple: D:4-7

Altars:

Annotations:
D:5 Eustachio


Innate Abilities, Weirdness & Mutations

You have extremely sharp teeth.
When hurt, damage is shared between your health and your magic reserves.
Your bite disrupts and absorbs the magic of your enemies.
Potions cannot restore your health.


Message History

The kobold zombie hits you but does no damage.
You hit the kobold zombie.
You destroy the kobold zombie!
The kobold zombie closely misses you.
You completely miss the kobold zombie.
You bite the kobold zombie, but do no damage.
The kobold zombie barely misses you.
You barely miss the kobold zombie. You bite the kobold zombie.
You drain its power.
The kobold zombie is heavily damaged.
The kobold zombie closely misses you.
You sock the kobold zombie!
You destroy the kobold zombie!
There is a gate leading back out of this place here.
The orc zombie closely misses you.
You hit the orc zombie. Your bite misses the orc zombie.
The orc zombie is severely damaged.
The orc zombie misses you.
You barely miss the orc zombie. Your bite misses the orc zombie.
The orc zombie is severely damaged.
The orc zombie hits you but does no damage.
You hit the orc zombie.
You destroy the orc zombie!
There is a gate leading back out of this place here.
You hit the hobgoblin zombie.
You bite the hobgoblin zombie, but do no damage.
The hobgoblin zombie is moderately damaged.
The hobgoblin zombie barely misses you.
You sock the hobgoblin zombie!
You destroy the hobgoblin zombie!
Your Maces & Flails skill increases to level 2!
No target in view!
No target in view!
No target in view!
Unknown command.
You sock the mummy! You bite the mummy, but do no damage.
The mummy is moderately damaged.
The mummy hits you!!
Ouch! That really hurt!
You die...

......
#....#
#....#
#....#
#....#
#....#
#....#
#...M#
#...@#
#.∩∩.#
######


You could see a mummy.

Vanquished Creatures
  2 hobgoblin zombies (Ossuary)
  2 kobold zombies (Ossuary)
  2 orc zombies (Ossuary)
6 creatures vanquished.

Notes
Turn   | Place    | Note
-------+----------+-------------------------------------------
     0 | D:5      | GordonOverkill the Vine Stalker Delver began the quest for
                  | the Orb.
     0 | D:5      | Reached XP level 1. HP: 11/11 MP: 2/2
     8 | D:5      | Noticed Eustachio
    35 | D:6      | Found a sand-covered staircase.
    44 | Ossuary  | Entered an ossuary
   161 | Ossuary  | Slain by a mummy

Illustrated notes

Levels and vault maps discovered:
D:5:      layout_cave_pools, minmay_misc_feat_more_columns, uniq_eustachio
D:6:      layout_loops_ring, kennysheep_orc_sif_temple, grunt_dithmenos_smoke,
          minmay_temple_entry_purple_smoke, ebering_ghost_reflecting_pool,
          nicolae_ossuary_entry_ruins, kennysheep_generic_room_12
Ossuary:  ossuary_tomb_3

Skill      XL: |  1 |
---------------+----+-----
Maces & Flails | 2 |  2.0
Fighting       | |  2.8
Dodging        | |  1.5
Stealth        | |  6.0

Action                     || total
---------------------------++-------
  Melee: Mace              ||    21
         Bite              ||     6
 Armour: Leather armour    ||     7
  Dodge: Dodged            ||    12

Table legend: (Time is in decaauts)
 A = Elapsed time spent in this place.
 B = Non-inter-level travel time spent in this place.
 C = Inter-level travel time spent in this place.
 D = Time resting spent in this place.
 E = Time spent auto-exploring this place.
 F = Levels seen in this place.
 G = Mean time per level.
                   A        B        C        D        E       F      G
               +--------+--------+--------+--------+--------+-----+--------+
         Total |    166 |    166 |      0 |     15 |      0 |   3 |   55.3 |
       Dungeon |     43 |     43 |      0 |      0 |      0 |   2 |   21.5 |
       Ossuary |    122 |    122 |      0 |     15 |      0 |   1 |  122.0 |
               +--------+--------+--------+--------+--------+-----+--------+

Top non-repeatable levels by time:
 Ossuary: 122 daAuts
     D:6: 41 daAuts
     D:5: 2 daAuts
